 Dungeon Crawl Stone Soup version 0.28-a0-1616-g050a50673c (webtiles) character file.

Game seed: 17837300840916800436

22 Ostroprsk the Shield-Bearer (level 2, 19/19 HPs)
             Began as a Gargoyle Fighter on Dec 2, 2021.
             Was a Follower of Kikubaaqudgha.
             Quit the game on level 2 of the Dungeon on Jan 22, 2022.
             The game lasted 00:04:34 (1239 turns).

Ostroprsk the Shield-Bearer (Gargoyle Fighter)      Turns: 1239, Time: 00:04:34

Health: 19/19      AC:  9    Str: 19    XL:     2   Next: 91%
Magic:  2/2        EV:  9    Int:  8    God:    Kikubaaqudgha [*.....]
Gold:   10         SH:  4    Dex:  9    Spells: 1/1 levels left

rFire   . . .      SeeInvis .   a - +0 flail
rCold   . . .      Faith    .   c - +0 buckler
rNeg    + . .      Spirit   .   b - +0 scale mail
rPois   ∞          Reflect  .   (no helmet)
rElec   +          Harm     .   (no cloak)
rCorr   .          Rampage  .   (no gloves)
Will    .....                   (no boots)
Stlth   ..........              g - amulet of the acrobat
HPRegen 0.06/turn               (no ring)
MPRegen 0.08/turn               (no ring)

@: no status effects
A: sickness immunity, AC +2, negative energy resistance 1, electricity
resistance, torment resistance 1, petrification resistance
a: Renounce Religion, Receive Corpses


You were on level 2 of the Dungeon.
You worshipped Kikubaaqudgha.
Kikubaaqudgha was aware of your devotion.
You visited 1 branch of the dungeon, and saw 2 of its levels.

You collected 58 gold pieces.
You spent 48 gold pieces at shops.

Inventory:

Hand Weapons
 a - a +0 flail (weapon)
 i - a +0 long sword
Missiles
 f - 58 stones (quivered)
 h - 6 boomerangs
 j - 11 bolts
Armour
 b - a +0 scale mail (worn)
 c - a +0 buckler (worn)
Jewellery
 g - an amulet of the acrobat (around neck)
Scrolls
 e - a scroll of identify
 l - a scroll of fog
Potions
 d - 3 potions of might
 k - a potion of curing


   Skills:
 + Level 3.4 Fighting
 + Level 2.5 Maces & Flails
 + Level 3.5 Armour
 + Level 3.6 Shields


You had one spell level left.
You didn't know any spells.
Your spell library contained the following spells:

 Spells                   Type           Power      Damage    Failure   Level
 Animate Skeleton         Necr           0%         N/A       86%         1
 Pain                     Necr           0%         1d4       86%         1
 Corpse Rot               Necr/Air       0%         N/A       94%         2
 Vampiric Draining        Necr           0%         2d6       99%         3


Dungeon Overview and Level Annotations

Branches:
Dungeon (2/15)

Altars:
Kikubaaqudgha

Shops:
D:1 ?


Innate Abilities, Weirdness & Mutations

You are immune to sickness and miasma.
Your stone body is resilient. (AC +2)
You are immune to poison.
You resist negative energy. (rN+)
You are resistant to electric shocks. (rElec)
You are resistant to unholy torment.
You are immune to petrification.


Message History

You closely miss the hobgoblin.
The hobgoblin hits you but does no damage.
You sock the hobgoblin!
You kill the hobgoblin!
d - 3 potions of might (gained 1)
f - 58 stones (gained 24)
Found Fimeoc's Magic Scroll Shoppe.
There is an entrance to Fimeoc's Magic Scroll Shoppe here.
l - a scroll of fog;
e - 2 scrolls of identify (gained 1) Thank you for shopping at Fimeoc's Magic Scroll Shoppe!
As you read the scroll of identify, it crumbles to dust.
k - a potion of curing Done exploring.
There is a faded altar of an unknown god here.
You cannot tell which god this altar belongs to.
Convert to them anyway?
Kikubaaqudgha accepts your prayer! Kikubaaqudgha welcomes you!
You can now receive cadavers from Kikubaaqudgha.
Kikubaaqudgha grants you a gift!
You add the spells Pain, Corpse Rot, Animate Skeleton and Vampiric Draining to your library.
There are no items here.
Okay, then.
There is a stone staircase leading down here.
You climb downwards.
Found 13 gold pieces.
Found a stone staircase leading down.
There is a stone staircase leading up here.
Welcome back, Ostroprsk the Gargoyle Fighter.
Kikubaaqudgha says: Spread unending torment and darkness!
Press ? for a list of commands and other information.
Are you sure you want to abandon this character and quit the game? (Confirm with "yes".)
Okay, then.
Saving game... please wait.
Welcome back, Ostroprsk the Gargoyle Fighter.
Kikubaaqudgha says: Spread unending torment and darkness!
Press ? for a list of commands and other information.
Saving game... please wait.
Welcome back, Ostroprsk the Gargoyle Fighter.
Kikubaaqudgha says: Spread unending torment and darkness!
Press ? for a list of commands and other information.
Are you sure you want to abandon this character and quit the game? (Confirm with "yes".)

..# .## #
#..# ..# .#
##...#..###.
......#....
#.#......#
#........#
#.....#
#...@.#
#.....#
#.$...#
#....>.
...####..
#... .## #..
.# #.. .#


There were no monsters in sight!

Vanquished Creatures
  4 ball pythons (D:1)
  3 bats (D:1)
  3 endoplasms (D:1)
  2 giant cockroaches (D:1)
  A goblin (D:1)
  A hobgoblin (D:1)
  3 frilled lizards (D:1)
  A kobold (D:1)
  2 rats (D:1)
20 creatures vanquished.

Notes
Turn   | Place    | Note
-------+----------+-------------------------------------------
     0 | D:1      | Ostroprsk the Gargoyle Fighter began the quest for the Orb.
     0 | D:1      | Reached XP level 1. HP: 14/14 MP: 1/1
     4 | D:1      | Noticed an electric eel
     5 | D:1      | Noticed an electric eel
   129 | D:1      | Found a faded altar of an unknown god.
   143 | D:1      | Reached XP level 2. HP: 2/19 MP: 2/2
  1187 | D:1      | Found Fimeoc's Magic Scroll Shoppe.
  1196 | D:1      | Bought a scroll of fog for 24 gold pieces
  1196 | D:1      | Bought a scroll of identify for 24 gold pieces
  1229 | D:1      | Prayed at the altar of an unknown god.
  1229 | D:1      | Became a worshipper of Kikubaaqudgha
  1229 | D:1      | Reached * piety under Kikubaaqudgha
  1229 | D:1      | Received a gift from Kikubaaqudgha
  1239 | D:2      | Upgraded the game from 0.28-a0-980-g3664467d6e to
                  | 0.28-a0-1074-g3cb2360906
  1239 | D:2      | Upgraded the game from 0.28-a0-1074-g3cb2360906 to
                  | 0.28-a0-1616-g050a50673c
  1239 | D:2      | Quit the game

Illustrated notes

Levels and vault maps discovered:
D:1:      arrival_aquarium_b, layout_rooms, serial_shops,
          nicolae_lakefront_shop, nicolae_ecumenical_snake_handling
D:2:      layout_rooms, serial_shops, nicolae_shop_behind_doors, shop_fountains,
          shop, minivault_26

Action                   || total
-------------------------++-------
Melee: Flail             ||    65
  Use: Scroll            ||     1
Armor: Scale mail        ||    41
Dodge: Dodged            ||    48
Block: Buckler           ||    18

Table legend: (Time is in decaauts)
 A = Elapsed time spent in this place.
 B = Non-inter-level travel time spent in this place.
 C = Inter-level travel time spent in this place.
 D = Time resting spent in this place.
 E = Time spent auto-exploring this place.
 F = Levels seen in this place.
 G = Mean time per level.
                   A        B        C        D        E       F      G
               +--------+--------+--------+--------+--------+-----+--------+
         Total |   1257 |   1218 |     39 |    632 |    318 |   2 |  628.5 |
       Dungeon |   1257 |   1218 |     39 |    632 |    318 |   2 |  628.5 |
               +--------+--------+--------+--------+--------+-----+--------+

Top non-repeatable levels by time:
     D:1: 1257 daAuts
     D:2: 0 daAuts
